Map: Traitor's Exile

Players

OpuS

  • Race: Protoss Protoss
  • Spawn Location: 9:00

Sketchaphone

  • Race: Zerg Zerg
  • Spawn Location: 12:00

IIIIIIIIIIII

  • Race: Terran Terran
  • Spawn Location: 6:00

slrDopie

  • Race: Zerg Zerg
  • Spawn Location: 5:00

VOD

Have the link to the VOD?

Description

Time

  • Played on: Jan. 22, 2019, 1:06 p.m.
  • Length: 14:07
Show
View Real Time Build Order
Export as new Build Order

OpuS Protoss 

Build Orders:  

Get SALT Encoding   

  12  0:01  Probe  
  13  0:13  Probe  
  14  0:22  Pylon  
  14  0:25  Probe  
  15  0:42  Gateway  
  15  0:44  Probe  
  16  0:53  Probe  
  17  0:58  Assimilator  
  17  1:01  Probe  
  18  1:12  Gateway  
  18  1:17  Pylon, Probe  
  19  1:25  Probe  
  19  1:30  Zealot  
  22  1:35  Probe  
  23  1:48  Forge  
  23  1:51  Pylon  
  23  1:59  Zealot  
  25  2:06  Cybernetics Core  
  25  2:08  Probe  
  26  2:16  Probe  
  27  2:24  Photon Cannon  
  27  2:29  Assimilator  
  27  2:42  Warp Gate  
  27  2:51  Photon Cannon  
  26  3:11  Stalker x2  
  30  3:30  Nexus  
  30  3:37  Twilight Council  
  30  3:43  Pylon  
  30  4:03  Robotics Facility  
  30  4:08  Probe  
  26  4:28  Probe  
  24  4:32  Charge  
  24  4:36  Probe  
  24  4:39  Stalker x2  
  29  4:51  Observer, Gateway, Probe  
  30  4:59  Probe  
  31  5:03  Zealot  
  34  5:07  Probe  
  34  5:09  Zealot  
  37  5:19  Probe  
  38  5:31  Probe  
  39  5:41  Zealot x2  
  43  5:47  Zealot  
  45  5:53  Photon Cannon  
  43  6:04  Stalker  
  43  6:05  Stalker  
  43  6:08  Probe  
  44  6:16  Probe  
  46  6:29  Probe  
  47  6:48  Pylon  
  47  7:00  Nexus  
  47  7:06  Probe  
  47  7:07  Observer  
  49  7:10  Pylon  
  49  7:19  Dark Shrine  
  49  7:24  Templar Archives  
  49  7:42  Probe  
  50  7:47  Zealot x2  
  50  7:48  Zealot  
  56  8:14  Probe x2  
  56  8:15  Zealot  
  56  8:16  Zealot x2  
  64  8:22  Observer  
  65  8:38  Dark Templar x3  
  65  8:41  Probe  
  72  9:00  Probe x2  
  72  9:01  Gateway  
  58  9:23  Zealot x2  
  58  9:24  Zealot, Probe  
  48  9:25  Probe  
  48  9:37  Probe  
  49  9:43  Probe  
  49  9:45  Immortal  
  50  9:49  Probe  
  45  9:55  Probe  
  50  10:01  Probe  
  51  10:07  Probe  
  51  10:13  Probe  
  53  10:15  Zealot x3  
  53  10:19  Probe  
  60  10:24  Zealot  
  62  10:34  Assimilator  
  62  10:37  Zealot  
  62  10:38  Assimilator, Zealot  
  62  10:40  Zealot  
  69  10:42  Probe  
  69  10:44  Probe  
  70  10:57  Immortal  
  74  11:11  Stargate  
  74  11:15  Dark Templar x2  
  70  11:30  Dark Templar x2  
  48  11:52  Dark Templar  
  48  11:53  Dark Templar  
  48  12:02  Void Ray  
  48  12:04  Dark Templar  
  48  12:05  Dark Templar  
  56  12:18  Stargate  
Show
View Real Time Build Order
Export as new Build Order

Sketchaphone Zerg 

Build Orders: Hatch First 

Get SALT Encoding   

  12  0:01  Drone  
  13  0:12  Overlord  
  13  0:18  Drone  
  14  0:23  Extractor  
  14  0:24  Drone  
  14  0:32  Drone  
  15  0:36  Drone  
  16  0:48  Drone  
  17  1:11  Hatchery  
  16  1:16  Drone  
  17  1:39  Spawning Pool  
  16  1:50  Drone  
  16  1:51  Drone x2  
  19  2:29  Zergling x2, Spine Crawler  
  19  2:30  Metabolic Boost  
  19  2:36  Spine Crawler  
  18  2:38  Drone  
  18  2:39  Queen, Drone  
  18  2:41  Drone  
  23  2:44  Overlord  
  23  2:45  Zergling x4  
  25  3:01  Drone  
  25  3:03  Drone  
  27  3:06  Drone  
  27  3:09  Drone  
  27  3:12  Spine Crawler  
  28  3:13  Drone  
  28  3:14  Queen  
  31  3:36  Drone  
  32  3:48  Overlord  
  30  3:50  Drone x2  
  30  3:54  Extractor, Drone, Overlord  
  31  4:12  Zergling x6  
  31  4:13  Zergling x2  
  35  4:17  Drone  
  35  4:18  Roach Warren, Zergling x2  
  35  4:22  Zergling x2  
  35  4:47  Spine Crawler  
  35  4:48  Drone  
  35  4:49  Zergling x2, Drone  
  35  4:50  Zergling x6  
  35  4:52  Drone  
  41  4:56  Lair  
  41  4:57  Drone, Overlord  
  41  4:58  Drone  
  41  5:11  Queen  
  38  5:20  Hatchery  
  35  5:22  Drone x2  
  31  5:37  Drone x3  
  34  5:47  Queen  
  36  6:02  Drone  
  36  6:03  Glial Reconstitution  
  37  6:12  Hydralisk Den  
  37  6:14  Evolution Chamber  
  37  6:16  Evolution Chamber  
  34  6:23  Queen x2  
  38  6:28  Drone x6  
  44  6:35  Spore Crawler  
  43  6:47  Grooved Spines  
  43  6:49  Zerg Ground Armor Level 1  
  43  6:50  Zerg Missile Weapons Level 1  
  43  6:53  Extractor  
  42  6:55  Extractor  
  41  7:06  Overlord  
  41  7:08  Overlord  
  41  7:10  Pneumatized Carapace  
  41  7:15  Queen  
  41  7:16  Drone x2  
  41  7:17  Drone, Overlord x3  
  41  7:18  Zergling x4  
  48  7:23  Drone x2  
  48  7:26  Drone  
  48  7:27  Drone  
  52  7:43  Spore Crawler, Drone  
  52  7:50  Drone x2  
  54  7:59  Drone x2  
  54  8:04  Muscular Augments  
  56  8:12  Infestation Pit  
  55  8:17  Hatchery  
  54  8:27  Hydralisk, Roach x5  
  66  8:40  Hydralisk, Drone x2  
  66  8:41  Hydralisk  
  70  8:42  Hydralisk  
  70  8:48  Zerg Missile Weapons Level 2  
  74  8:56  Hydralisk x2  
  76  9:12  Hydralisk x2  
  89  9:30  Zergling x18  
  94  10:02  Zergling x20  
  73  10:29  Burrow  
  73  10:40  Drone x3  
  73  10:41  Drone, Overlord x2  
  73  10:42  Infestor, Swarm Host  
  80  10:45  Pathogen Glands, Zerg Ground Armor Level 2  
  85  10:54  Lurker Den  
  84  11:10  Hydralisk x2  
  84  11:11  Hydralisk x10  
  98  11:27  Hydralisk x5  
  64  12:02  Zergling x2  
  60  12:19  Roach x9  
  75  12:30  Extractor  
  75  12:31  Extractor, Queen, Spire  
  75  12:35  Drone  
  73  13:08  Swarm Host  
Show
View Real Time Build Order
Export as new Build Order

IIIIIIIIIIII Terran 

Build Orders: 1/1/1, Mech 

Get SALT Encoding   

  12  0:01  SCV  
  13  0:13  SCV  
  14  0:18  Supply Depot  
  14  0:25  Refinery  
  14  0:29  SCV  
  15  0:41  SCV  
  16  0:49  Barracks  
  16  0:53  SCV  
  17  1:05  SCV  
  18  1:17  SCV  
  19  1:29  SCV  
  19  1:31  Refinery  
  20  1:36  Factory  
  20  1:41  SCV  
  20  1:42  Barracks Tech Lab  
  21  1:55  Orbital Command  
  21  2:22  Command Center  
  21  2:25  Starport  
  21  2:29  Factory Tech Lab  
  21  2:35  SCV  
  22  2:43  Supply Depot  
  22  2:47  SCV  
  23  3:05  SCV, Banshee  
  27  3:08  Siege Tank  
  30  3:17  SCV  
  31  3:35  Orbital Command  
  31  3:40  Siege Tank  
  34  3:45  SCV  
  34  3:47  Banshee  
  38  3:58  SCV  
  39  4:04  SCV  
  40  4:10  Supply Depot, SCV  
  40  4:16  SCV  
  42  4:20  Siege Tank  
  42  4:22  SCV  
  46  4:31  SCV, Banshee  
  46  4:34  SCV  
  48  4:42  Supply Depot  
  48  4:44  SCV  
  49  4:46  SCV  
  50  4:56  SCV, Armory  
  50  4:58  SCV  
  50  4:59  Armory  
  52  5:06  Supply Depot x2  
  52  5:08  SCV  
  52  5:10  SCV  
  54  5:20  SCV  
  55  5:22  SCV  
  53  5:32  SCV  
  54  5:43  Refinery  
  54  5:45  Refinery  
  54  5:50  Factory  
  54  5:51  Factory x2, Command Center x2  
  54  5:53  Factory x2, Terran Vehicle Weapons Level 1, Terran Vehicle And Ship Armor Level 1  
  54  6:09  Factory  
  54  6:10  Factory  
  54  6:27  SCV x2  
  54  6:31  Liberator  
  56  6:35  Factory Tech Lab  
  56  6:36  Factory Tech Lab x2  
  56  6:37  Factory Tech Lab, Factory Reactor  
  56  6:39  SCV x2  
  58  6:44  Siege Tank  
  58  6:51  SCV  
  58  6:52  SCV  
  63  7:03  SCV  
  63  7:04  SCV  
  63  7:06  Siege Tank  
  63  7:08  Factory Tech Lab, Factory Reactor  
  69  7:15  SCV  
  69  7:16  SCV  
  70  7:26  Barracks  
  70  7:27  SCV  
  70  7:28  SCV  
  72  7:30  Engineering Bay  
  72  7:34  Supply Depot  
  72  7:35  Supply Depot  
  72  7:36  Supply Depot, Refinery  
  72  7:37  Supply Depot  
  72  7:38  Siege Tank, Supply Depot  
  72  7:39  Siege Tank, SCV  
  72  7:40  SCV, Refinery  
  72  7:41  Siege Tank  
  83  7:56  Supply Depot  
  83  7:59  Terran Vehicle Weapons Level 2  
  83  8:12  Terran Vehicle And Ship Armor Level 2  
  83  8:22  Starport  
  83  8:29  Starport  
  83  8:40  Orbital Command x2  
  83  8:42  SCV x2  
  85  8:52  Hellbat x9  
  85  8:54  SCV x2  
  105  9:06  SCV x2  
  107  9:13  Hellbat x2  
  107  9:14  Hellbat x6  
  102  9:18  SCV x2  
  102  9:21  Siege Tank  
  97  9:30  SCV x2  
  94  9:35  Siege Tank x4  
  100  9:43  SCV  
  100  9:44  SCV x3  
  103  9:53  Siege Tank  
  103  9:55  SCV  
  107  10:00  Engineering Bay  
  107  10:07  Siege Tank x2  
  107  10:13  Siege Tank x2  
  119  10:15  Starport Reactor  
  104  10:40  Missile Turret  
  104  10:45  Starport Tech Lab  
  104  10:47  Starport Tech Lab  
  104  10:48  Terran Vehicle Weapons Level 3  
  104  10:51  Thor  
  104  10:54  Hellbat x9  
  128  10:59  SCV  
  128  11:00  SCV x3  
  132  11:15  Hellbat  
  132  11:16  Hellbat  
  126  11:36  Liberator  
  126  11:38  Infernal Pre-Igniter  
  124  11:42  Siege Tank  
  124  11:43  Siege Tank x4  
  126  12:11  Liberator  
  126  12:15  Siege Tank  
  129  12:16  Siege Tank x2  
  138  12:52  Siege Tank x3  
  135  13:34  Orbital Command  
Show
View Real Time Build Order
Export as new Build Order

slrDopie Zerg 

Build Orders: Pool First 

Get SALT Encoding   

  12  0:03  Drone  
  13  0:08  Drone  
  14  0:28  Spawning Pool  
  14  0:34  Overlord  
  13  0:44  Extractor  
  13  0:47  Extractor  
  13  0:48  Drone x2  
  13  0:52  Drone  
  14  1:12  Overlord  
  14  1:16  Zergling x2  
  15  1:27  Drone  
  16  1:36  Metabolic Boost  
  16  1:40  Zergling x2  
  16  1:45  Drone  
  18  1:54  Queen  
  20  2:11  Drone x2  
  22  2:27  Zergling x4  
  24  2:48  Hatchery  
  23  2:56  Zergling x2  
  23  2:57  Zergling x2  
  23  3:35  Zergling x4  
  23  3:36  Zergling x8  
  28  3:51  Zergling x2  
  26  4:39  Drone x3  
  26  4:41  Drone x3  
  25  5:18  Lair  
  25  5:20  Drone x3  
  28  5:41  Drone x2  
  30  5:43  Overlord  
  30  5:45  Drone x2  
  32  6:04  Drone  
  33  6:25  Hydralisk Den  
  32  6:35  Spire  
  32  6:39  Drone  
  32  6:46  Drone x3  
  35  7:04  Grooved Spines  
  35  7:05  Hydralisk x2  
  35  7:06  Hydralisk  
  41  7:30  Hydralisk  
  41  7:34  Overlord  
  41  7:35  Overlord  
  41  7:36  Overlord x2  
  43  7:52  Hydralisk  
  43  7:53  Hydralisk x3  
  51  8:10  Extractor x2, Drone x3  
  52  8:15  Muscular Augments  
  52  8:16  Hatchery  
  51  8:37  Drone x2  
  53  8:44  Mutalisk x3  
  53  8:47  Zerg Flyer Weapons Level 1  
  33  9:42  Hydralisk  
  33  9:43  Hydralisk x3  
  24  10:19  Hydralisk x2  
  24  10:20  Hydralisk  
  24  10:32  Drone x3  
  27  10:41  Zerg Flyer Armor Level 1, Hydralisk  
  27  10:42  Hydralisk  
  31  11:10  Drone x3  
  30  12:00  Hydralisk x3  
  36  12:02  Mutalisk x2  
  36  12:03  Mutalisk  
  42  12:39  Hydralisk x3  
  42  12:41  Hydralisk x2  
  42  12:42  Overlord  
  50  13:37  Hydralisk x3  
  56  13:41  Hydralisk x2  
Tags
 
Add a new tag
Caveats
  • Supply blocks, unpowered buildings, or Contaminate may cause inaccurate times.
  • Supply counts are checked every 10 seconds.